 Dungeon Crawl Stone Soup version 0.29-a0-887-gcbe080d7e0 (webtiles) character file.

Game seed: 18039163817024138756

5184 IdlyInterested the Spear-Bearer (level 10, -6/58 (74) HPs)
             Began as a Demonspawn Wanderer on July 21, 2022.
             Mangled by an eight-headed hydra (10 damage)
             ... on level 7 of the Dungeon.
             The game lasted 00:34:19 (8064 turns).

IdlyInterested the Spear-Bearer (DsWn)              Turns: 8064, Time: 00:34:20

HP:   -6/58 (74)    AC: 18    Str: 18    XL:     10   Next: 34%
MP:   17/17         EV:  8    Int: 18    God:
Gold: 479           SH:  0    Dex: 13    Spells: 19/19 levels left

rFire   + . .      SeeInvis +   a - +1 spear (flame)
rCold   . . .      Faith    .   (no shield)
rNeg    . . .      Spirit   .   n - +3 chain mail {rF+}
rPois   .          Reflect  .   z - +0 helmet
rElec   .          Harm     .   (no cloak)
rCorr   .          Rampage  .   A - +0 pair of gloves
Will    .....                   q - +0 pair of boots
Stlth   ..........              (no amulet)
HPRegen 0.19/turn               B - +6 ring of intelligence
MPRegen 0.30/turn               D - ring of see invisible

@: heavily drained
A: demonic guardian 1, magic regeneration, sharp scales 1, demonic touch 2
a: no special abilities


You were on level 7 of the Dungeon.
You visited 2 branches of the dungeon, and saw 8 of its levels.
You also visited: Ossuary.

You collected 494 gold pieces.
You spent 15 gold pieces at shops.

Inventory:

Hand Weapons
 a - a +1 spear of flaming (weapon)
 w - the +13 scythe of Curses {drain, Drain}
   (You acquired it on level 5 of the Dungeon)

   A truly terrible weapon, it drains the life of any living foe it strikes.
   It inflicts powerful necromantic curses on any living foe it strikes.
   Drain:     It drains your maximum health when unequipped.
Missiles
 g - 2 atropa-tipped darts
 l - 2 boomerangs
 y - 51 poisoned darts (quivered)
 G - 3 javelins
Armour
 b - a +3 scale mail
 n - a +3 chain mail of fire resistance (worn)
 o - a +1 robe of cold resistance
 q - a +0 pair of boots (worn)
 z - a +0 helmet (worn)
 A - a +0 pair of gloves (worn)
Jewellery
 r - an amulet of faith
 B - a +6 ring of intelligence (left hand)
 D - a ring of see invisible (right hand)
Wands
 j - a wand of polymorph (2)
 m - a wand of roots (10)
 u - a wand of light (4)
 E - a wand of mindburst (30)
Scrolls
 d - 5 scrolls of vulnerability
 i - 4 scrolls of teleportation
 s - a scroll of immolation
 C - 3 scrolls of noise {unknown}
 F - 3 scrolls of poison {unknown}
 I - a scroll of identify
Potions
 c - 2 potions of flight
 e - a potion of cancellation
 f - 4 potions of haste
 h - a potion of brilliance
 k - 3 potions of attraction
 p - a potion of heal wounds
 t - 3 potions of curing
 v - 2 potions of invisibility
 x - a potion of ambrosia
 H - a potion of might


   Skills:
 + Level 5.0 Fighting
 * Level 10.1 Polearms
 - Level 1.0 Throwing
 + Level 6.7 Armour
 - Level 3.0 Dodging
 - Level 3.0 Stealth
 - Level 3.0 Unarmed Combat
 - Level 5.0 Spellcasting
 - Level 1.0 Evocations


You had 19 spell levels left.
You didn't know any spells.
Your spell library contained the following spells:

 Spells                   Type           Power      Damage    Failure   Level
 Poisonous Vapours        Pois/Air       8%         N/A       91%         2
 Frozen Ramparts          Ice            8%         1d2       99%         3
 Gell's Gravitas          Tloc           4%         N/A       99%         3
 Lesser Beckoning         Tloc           4%         N/A       99%         3
 Ozocubu's Armour         Ice            4%         N/A       99%         3
 Teleport Other           Tloc           4%         N/A       99%         3
 Corpse Rot               Necr/Pois/Air  4%         N/A       100%        4
 Hailstorm                Conj/Ice       4%         3d4       100%        4
 Ice Form                 Ice/Tmut       4%         N/A       100%        4
 Summon Ice Beast         Ice/Summ       4%         N/A       100%        4
 Metabolic Englaciation   Hex/Ice        2%         N/A       100%        5
 Simulacrum               Ice/Necr       2%         N/A       100%        6


Dungeon Overview and Level Annotations

Branches:
Dungeon (7/15)             Temple (1/1) D:7         Ossuary (visited)

Altars:
Ashenzari
Cheibriados
Dithmenos
Fedhas
Gozag
Hepliaklqana
Kikubaaqudgha
Makhleb
Nemelex Xobeh
Okawaru
Qazlal
Ru
Sif Muna
Trog
Uskayaw
Vehumet
Wu Jian
Xom
Yredelemnul

Shops:
D:2 [??!!   D:6 !


Innate Abilities, Weirdness & Mutations

A weak demonic guardian rushes to your aid.
You regenerate magic rapidly.
You are partially covered in razor-sharp scales. (AC +1, Slay +1)
Your touch may inflict irresistible damage on your foes.


Message History

The unseen horror seems to slow down.
The unseen horror is heavily wounded.
The unseen horror barely misses you.
Really unwield
w - the +13 scythe of Curses {drain, Drain}?
You feel drained.
Your +1 spear of flaming bursts into flame!
a - a +1 spear of flaming (weapon)
Throw: throwing net
Press: ? - help, Shift-Dir - straight line, f - eight-headed hydra
Aim: an eight-headed hydra (79% to hit, immune to nets)
You throw a throwing net.
The throwing net hits the eight-headed hydra.
The eight-headed hydra is too large for the net to hold!
The eight-headed hydra barely misses you.
The eight-headed hydra bites you!
The eight-headed hydra bites you but does no damage.
The eight-headed hydra bites you.
A demonic guardian appears!
The eight-headed hydra bites you but does no damage. x2
The eight-headed hydra bites you.
The eight-headed hydra bites you but does no damage.
You hit the eight-headed hydra. You burn the eight-headed hydra.
You touch the eight-headed hydra!
The eight-headed hydra is moderately wounded.
You hit the eight-headed hydra. You burn the eight-headed hydra.
The eight-headed hydra is moderately wounded.
The eight-headed hydra bites you.
The eight-headed hydra closely misses you.
The eight-headed hydra bites you. x2; The eight-headed hydra bites you! x2
* * * LOW HITPOINT WARNING * * *
The eight-headed hydra bites you!
* * * LOW HITPOINT WARNING * * *
The eight-headed hydra bites you but does no damage.
The skeletal warrior hits your white imp with a +0 halberd!
Your white imp dies!
Your white imp disappears in a puff of smoke!
You barely miss the eight-headed hydra.
The eight-headed hydra is moderately wounded.
The eight-headed hydra bites you but does no damage.
The eight-headed hydra bites you!
You die...

# ##.. ##..#9
###99###9
####xC###=#.
##'@D###uo...
####.###§z###$#.
###..#.#####..###.
##))..#.#.## #..#z
####.....#.##.##
#..
#..###..)#.###.##
# ###..###.).#
##.#######
#####..###.#
##......##
#..####..#.#
##[######.#


You could see an eight-headed hydra, a cyan ugly thing, a skeletal warrior, a
cyclops, an unseen horror (invisible, slow, drained), 2 gargoyles and an orc
wizard.

Vanquished Creatures
  A boulder beetle (D:7)
  A two-headed ogre (D:6)
  Pikel (D:4)
  A slime creature (D:7)
  Sigmund (D:3)
  A wyvern (D:7)
  Menkaure (D:7)
  2 water moccasins
  Duvessa (D:4)
  An orc warrior (D:7)
  A sky beast (D:7)
  3 ice beasts
  2 ogres (D:5)
  2 centaurs (D:7)
  3 kobold brigands
  A bullfrog (D:7)
  A necrophage (D:5)
  3 scorpions
  5 wights (D:7)
  Dowan (D:4)
  2 howler monkeys (D:7)
  5 hounds
  An orc priest (D:6)
  6 iguanas
  Ijyb (D:4)
  2 orc wizards
  8 mummies
  14 gnolls
  8 adders
  A shadow imp (D:7)
  A white imp (D:4)
  3 ufetubi
  A worm (D:2)
  3 dart slugs
  21 orcs
  8 endoplasms
  A giant cockroach (D:1)
  11 goblins
  13 hobgoblins
  6 jackals
  7 quokkas
  5 ball pythons
  5 bats
  8 frilled lizards
  2 hobgoblin zombies (Ossuary)
  15 kobolds
  2 kobold zombies
  5 orc zombies
  7 rats
205 creatures vanquished.

Vanquished Creatures (collateral kills)
  A howler monkey (D:7)
  A mummy (Ossuary)
  A worm (D:3)
  A hobgoblin (D:3)
  A jackal (D:3)
  A hobgoblin zombie (Ossuary)
  4 kobolds
10 creatures vanquished.

Vanquished Creatures (others)
  A wizard (D:6)
  3 plants (D:5)
4 creatures vanquished.

Grand Total: 219 creatures vanquished

Notes
Turn   | Place    | Note
-------+----------+-------------------------------------------
     0 | D:1      | IdlyInterested the Demonspawn Wanderer began the quest for
                  | the Orb.
     0 | D:1      | IdlyInterested set off with the following items: a +0
                  | spear, a +2 scale mail, a potion of curing, a scroll of
                  | vulnerability.
     0 | D:1      | Reached XP level 1. HP: 15/15 MP: 1/1
   195 | D:1      | Reached skill level 2 in Polearms
   199 | D:1      | Gained mutation: You regenerate magic rapidly. [demonic
                  | ancestry]
   199 | D:1      | Reached XP level 2. HP: 19/21 MP: 2/2
   672 | D:1      | Found a faded altar of an unknown god.
  1150 | D:2      | Found Ryf Baxe's Armour Boutique.
  1247 | D:2      | Reached XP level 3. HP: 26/26 MP: 3/3
  1248 | D:2      | Reached skill level 5 in Armour
  1441 | D:2      | Found Daoroawusa's Distillery.
  1444 | D:2      | Found Olia's Distillery.
  1476 | D:2      | Found Fiduz's Magic Scroll Emporium.
  1769 | D:2      | Found Koff's Magic Scroll Shop.
  2239 | D:3      | Gained mutation: A weak demonic guardian rushes to your
                  | aid. [demonic ancestry]
  2239 | D:3      | Reached XP level 4. HP: 33/33 MP: 4/4
  2555 | D:3      | Noticed Sigmund
  2570 | D:3      | Killed Sigmund
  2571 | D:3      | Reached skill level 3 in Polearms
  2571 | D:3      | Reached XP level 5. HP: 26/40 MP: 5/5
  3007 | D:3      | Gained mutation: Your touch may inflict minor irresistible
                  | damage on your foes. [demonic ancestry]
  3007 | D:3      | Reached XP level 6. HP: 47/47 MP: 6/6
  3340 | D:4      | Noticed Ijyb
  3373 | D:4      | Killed Ijyb
  3441 | D:4      | Noticed Dowan
  3441 | D:4      | Noticed Duvessa
  3460 | D:4      | Killed Duvessa
  3461 | D:4      | Reached skill level 1 in Spellcasting
  3461 | D:4      | Reached skill level 1 in Evocations
  3466 | D:4      | Killed Dowan
  3467 | D:4      | Reached skill level 4 in Polearms
  3517 | D:4      | Reached XP level 7. HP: 17/52 MP: 8/10
  3533 | D:4      | Noticed Pikel
  3566 | D:4      | Killed Pikel
  3567 | D:4      | Reached skill level 6 in Polearms
  3567 | D:4      | Reached skill level 1 in Throwing
  3829 | D:4      | Found a sand-covered staircase.
  3839 | Ossuary  | Entered an ossuary
  4153 | Ossuary  | Gained mutation: Your touch may inflict irresistible damage
                  | on your foes. [demonic ancestry]
  4153 | Ossuary  | Reached XP level 8. HP: 58/58 MP: 12/12
  4197 | Ossuary  | Reached skill level 1 in Unarmed Combat
  4807 | D:5      | Entered Level 5 of the Dungeon
  4979 | D:5      | Identified a scroll of acquirement
  4979 | D:5      | Acquired the +13 scythe of Curses {drain, Drain}
  4979 | D:5      | Found the +13 scythe of Curses {drain, Drain}
  5274 | D:5      | Reached skill level 7 in Polearms
  5481 | D:5      | You fall into a shaft and drop 2 floors!
  5481 | D:7      | Found a staircase to the Ecumenical Temple.
  5496 | Temple   | Entered the Ecumenical Temple
  5769 | D:6      | Noticed a two-headed ogre
  5778 | D:6      | Killed a two-headed ogre
  5779 | D:6      | Reached skill level 8 in Polearms
  5779 | D:6      | Gained mutation: You are partially covered in razor-sharp
                  | scales. (AC +1, Slay +1) [demonic ancestry]
  5779 | D:6      | Reached XP level 9. HP: 21/65 MP: 13/15
  6366 | D:6      | Found Wuntol's Distillery.
  6408 | D:6      | Bought a potion of degeneration for 15 gold pieces
  6790 | D:6      | Found a bloodstained altar of Trog.
  6791 | D:6      | Noticed a wizard
  6796 | D:6      | Killed a wizard
  6959 | D:7      | Noticed Menkaure
  6963 | D:7      | Killed Menkaure
  6967 | D:7      | Reached skill level 9 in Polearms
  6969 | D:7      | Reached skill level 5 in Fighting
  7277 | D:7      | Reached XP level 10. HP: 29/70 MP: 16/16
  7516 | D:7      | Noticed a boulder beetle
  7522 | D:7      | Killed a boulder beetle
  7883 | D:7      | Reached skill level 10 in Polearms
  7925 | D:7      | Reached skill level 5 in Spellcasting
  8054 | D:7      | Noticed a cyclops
  8054 | D:7      | Noticed a gargoyle
  8054 | D:7      | Noticed a gargoyle
  8054 | D:7      | Noticed a cyan ugly thing
  8054 | D:7      | Noticed a skeletal warrior
  8054 | D:7      | Noticed an eight-headed hydra
  8064 | D:7      | Mangled by an eight-headed hydra

Illustrated notes

Levels and vault maps discovered:
D:1:      dpeg_cavernosity, layout_basic, shapermc_ecumenical_altar_hornbeckon
D:2:      layout_rooms, serial_shops, shop, nicolae_shop_statue_plus, shop,
          nicolae_shop_hallway_stairs, nicolae_shop_advertising_works
          [nicolae_subvault_shop_adworks], corexii_item_surrounded_by_moat,
          skrybe_limestone_x, st_stairs_13
D:3:      layout_basic, corexii_leaking_fountain, minmay_puff, uniq_sigmund
D:4:      layout_rooms, serial_glass, glass_columns_a, glass_columns_a,
          nicolae_ossuary_entry_giza, uniq_pikel, uniq_duvessa, uniq_ijyb
D:5:      corexii_shantytown, layout_rooms
D:6:      layout_gridville, trog_wizard, serial_shops, shop
D:7:      minmay_the_grid_triangle_9x9_rhombus_full
          [minmay_the_grid_triangle_9x9_longest,
          minmay_the_grid_triangle_9x9_swiss_cheese,
          minmay_the_grid_triangle_9x9_warning,
          minmay_the_grid_triangle_9x9_semitri,
          minmay_the_grid_triangle_9x9_zippers_vertical,
          minmay_the_grid_triangle_9x9_cache,
          minmay_the_grid_triangle_9x9_minimal,
          minmay_the_grid_triangle_9x9_prize_top_heavy], layout_rooms,
          minmay_temple_entry_glassed_door, uniq_menkaure
Temple:   mainiacjoe_temple_hex_bubbles

Skill      XL: |  1  2  3  4  5  6  7  8  9 10 |
---------------+-------------------------------+-----
Polearms       | 2 3 4 6 8 9 10 | 10.1
Armour         | 5 6 |  6.7
Fighting       | 2 3 4 5 |  5.0
Spellcasting   | 2 3 4 5 |  5.0
Evocations     | 1 |  1.0
Throwing       | 1 |  1.0
Unarmed Combat | 3 |  3.0
Dodging        | 3 |  3.0
Stealth        | 3 |  3.0

Action                   |  1- 3 |  4- 6 |  7- 9 | 10-12 || total
-------------------------+-------+-------+-------+-------++-------
Melee: Spear             |   160 |    96 |   105 |     3 ||   364
       Unarmed           |       |    26 |       |       ||    26
       Touch             |       |    11 |    18 |     1 ||    30
       Scythe            |       |       |   145 |    43 ||   188
       Punch             |       |       |     1 |       ||     1
Throw: Boomerang         |       |     1 |    42 |       ||    43
       Dart              |       |       |     9 |       ||     9
       Throwing net      |       |       |       |     1 ||     1
Evoke: Wand              |       |       |       |     2 ||     2
  Use: Scroll            |     7 |     3 |     7 |       ||    17
       Potion            |       |     3 |     2 |       ||     5
 Stab: Distracted        |       |     1 |       |     1 ||     2
Armor: Scale mail        |    82 |    41 |    13 |       ||   136
       Skin              |       |     2 |       |       ||     2
       Chain mail        |       |       |   125 |    40 ||   165
Dodge: Dodged            |    64 |    44 |    77 |    21 ||   206

Table legend: (Time is in decaauts)
 A = Elapsed time spent in this place.
 B = Non-inter-level travel time spent in this place.
 C = Inter-level travel time spent in this place.
 D = Time resting spent in this place.
 E = Time spent auto-exploring this place.
 F = Levels seen in this place.
 G = Mean time per level.
                   A        B        C        D        E       F      G
               +--------+--------+--------+--------+--------+-----+--------+
         Total |   8289 |   7205 |   1084 |   1655 |   3375 |   9 |  921.0 |
       Dungeon |   7532 |   6465 |   1067 |   1377 |   3142 |   7 | 1076.0 |
        Temple |    259 |    242 |     17 |      0 |    233 |   1 |  259.0 |
       Ossuary |    497 |    497 |      0 |    278 |      0 |   1 |  497.0 |
               +--------+--------+--------+--------+--------+-----+--------+

Top non-repeatable levels by time:
     D:3: 1202 daAuts
     D:5: 1201 daAuts
     D:1: 1190 daAuts
     D:2: 1142 daAuts
     D:7: 1008 daAuts
     D:4: 962 daAuts
     D:6: 824 daAuts
 Ossuary: 497 daAuts
  Temple: 259 daAuts
